 Dungeon Crawl Stone Soup version 0.29-a0-270-g1586fc07ea (webtiles) character file.

Game seed: 8880017547325536272

162 epen the Poker (level 5, -3/47 HPs)
             Began as a Gnoll Cinder Acolyte on Mar 7, 2022.
             Was a High Priest of Ignis.
             Killed themself with a badly aimed iceblast (6 damage)
             ... on level 3 of the Dungeon.
             The game lasted 00:03:30 (1952 turns).

epen the Poker (Gnoll Cinder Acolyte)               Turns: 1952, Time: 00:03:31

Health: -3/47      AC: 10    Str: 13    XL:     5   Next: 43%
Magic:  9/9        EV: 11    Int: 14    God:    Ignis [*****.]
Gold:   93         SH:  0    Dex:  9    Spells: 10/10 levels left

rFire   + . .      SeeInvis .   e - +1 trident (protect)
rCold   . . .      Faith    .   (no shield)
rNeg    . . .      Spirit   .   b - +0 robe
rPois   .          Reflect  .   (no helmet)
rElec   .          Harm     .   p - scarf {shadows}
rCorr   .          Rampage  .   (no gloves)
Will    .....                   j - +0 pair of boots
Stlth   +.........              h - amulet of regeneration
HPRegen 0.95/turn               (no ring)
MPRegen 0.11/turn               (no ring)

@: lethally poisoned (-3 -> -8), under a protective aura
A: fangs 1, strong nose, distributed training
a: Renounce Religion, Fiery Armour, Foxfire Swarm, Rising Flame


You were on level 3 of the Dungeon.
You worshipped Ignis.
Ignis was extremely pleased with you.
You visited 1 branch of the dungeon, and saw 4 of its levels.

You collected 93 gold pieces.

Inventory:

Hand Weapons
 a - a -1 spear of flaming
 e - a +1 trident of protection (weapon)
Missiles
 g - 3 javelins (quivered)
Armour
 b - a +0 robe (worn)
 j - a +0 pair of boots (worn)
 p - a scarf of shadows (worn)
Jewellery
 h - an amulet of regeneration (around neck)
Wands
 n - a wand of iceblast (3)
Scrolls
 c - 3 scrolls of identify {unknown}
 i - a scroll of fog {unknown}
 k - a scroll of fear {unknown}
 l - 2 scrolls of teleportation {unknown}
 m - a scroll of amnesia {unknown}
Potions
 o - 2 potions of brilliance


   Skills:
 + Level 6.7 Fighting
 + Level 1.5 Short Blades
 + Level 1.5 Long Blades
 + Level 1.5 Axes
 + Level 1.5 Maces & Flails
 + Level 6.7 Polearms
 + Level 1.5 Staves
 + Level 1.5 Slings
 + Level 1.5 Bows
 + Level 1.5 Crossbows
 + Level 1.5 Throwing
 + Level 1.5 Armour
 + Level 1.5 Dodging
 + Level 1.5 Stealth
 + Level 1.5 Shields
 + Level 1.5 Unarmed Combat
 + Level 3.2 Spellcasting
 + Level 1.2 Conjurations
 + Level 1.2 Hexes
 + Level 1.2 Summonings
 + Level 1.2 Necromancy
 + Level 1.2 Translocations
 + Level 1.2 Transmutations
 + Level 5.5 Fire Magic
 + Level 1.2 Ice Magic
 + Level 1.2 Air Magic
 + Level 1.2 Earth Magic
 + Level 1.2 Poison Magic
 + Level 1.7 Invocations
 + Level 1.5 Evocations


You had 10 spell levels left.
You didn't know any spells.
Your spell library contained the following spells:

 Spells                   Type           Power      Damage    Failure   Level
 Scorch                   Fire           34%        2d7       3%          2
 Animate Skeleton         Necr           10%        N/A       13%         1
 Apportation              Tloc           10%        N/A       13%         1
 Beastly Appendage        Tmut           10%        N/A       13%         1
 Summon Small Mammal      Summ           20%        N/A       13%         1
 Wereblood                Tmut           5%         N/A       19%         2
 Spider Form              Tmut/Pois      5%         N/A       36%         3
 Animate Dead             Necr           2%         N/A       77%         4
 Haunt                    Necr/Summ      2%         N/A       100%        7
 Infestation              Necr           2%         N/A       100%        8


Dungeon Overview and Level Annotations

Branches:
Dungeon (4/15)
 Temple: D:4-7

Altars:

Shops:
D:3 (


Innate Abilities, Weirdness & Mutations

You have very sharp teeth.
Your uncanny sense of smell can sniff out nearby items.
Your experience applies equally to all skills.


Message History

You feel very sick. The gnoll closely misses you.
The gnoll shaman invokes the aid of its god against you.
You are outlined in light.
It was a potion of brilliance.
You feel clever all of a sudden.
You feel very sick.
The gnoll hits you from afar with a +2 halberd of venom!
* * * LOW HITPOINT WARNING * * *
You are more poisoned.
The gnoll barely misses you. The gnoll shaman closely misses you.
It was a potion of curing.
You feel better. The gnoll completely misses you.
The gnoll shaman closely misses you.
You hit the gnoll shaman.
The gnoll shaman is heavily wounded.
The gnoll closely misses you.
The gnoll hits you from afar with a +2 halberd of venom!
* * * LOW HITPOINT WARNING * * *
You are lethally poisoned!
The gnoll shaman hits you but does no damage.
It was a potion of cancellation.
Your magical effects are unravelling.
You feel magically purged.
You feel a little less clever now.
You are no longer glowing.
* * * LOW HITPOINT WARNING * * *
You feel very sick. The gnoll closely misses you.
The gnoll shaman barely misses you.
Okay, then.
Aiming: Iceblast
Press: ? - help, Shift-Dir - straight line, f/p - gnoll
Aim: a gnoll, wielding a +2 halberd of venom (severely wounded, fast) That beam is likely to hit you.
Continue anyway?
The mass of ice explodes!
The iceblast engulfs the gnoll shaman!
You kill the gnoll shaman!
The iceblast engulfs the gnoll!!
You kill the gnoll!
The iceblast engulfs the gnoll!
You kill the gnoll!
The iceblast engulfs you.
You die...

#....# #g.S!#
#....# #....#
##'### #.##
#))# ##)# ###
##@# #..
#####..###.#.#
#.......##.#.#
#...###.##.#.#
#...#∩#..#.#.#
#...#+##.#.#.#
###
#..)#.######
##.........#
#..#.####.#


There were no monsters in sight!

Vanquished Creatures
  A necrophage (D:2)
  A gnoll shaman (D:3)
  3 gnolls (D:3)
  2 adders (D:4)
  2 dart slugs
  An orc (D:2)
  11 bats
  5 endoplasms (D:1)
  5 giant cockroaches
  5 goblins
  5 hobgoblins
  6 jackals
  3 quokkas
  5 ball pythons
  7 kobolds
  4 rats
66 creatures vanquished.

Vanquished Creatures (others)
  2 plants (D:2)
2 creatures vanquished.

Grand Total: 68 creatures vanquished

Notes
Turn   | Place    | Note
-------+----------+-------------------------------------------
     0 | D:1      | epen the Gnoll Cinder Acolyte began the quest for the Orb.
     0 | D:1      | Reached XP level 1. HP: 23/23 MP: 4/4
   206 | D:1      | Reached XP level 2. HP: 27/29 MP: 5/5
   437 | D:1      | Reached XP level 3. HP: 35/35 MP: 7/7
   806 | D:1      | Reached skill level 1 in Invocations
  1085 | D:2      | Noticed a necrophage
  1110 | D:2      | Killed a necrophage
  1111 | D:2      | Reached skill level 1 in Short Blades
  1111 | D:2      | Reached skill level 1 in Long Blades
  1111 | D:2      | Reached skill level 1 in Axes
  1111 | D:2      | Reached skill level 1 in Maces & Flails
  1111 | D:2      | Reached skill level 1 in Staves
  1111 | D:2      | Reached skill level 1 in Slings
  1111 | D:2      | Reached skill level 1 in Bows
  1111 | D:2      | Reached skill level 1 in Crossbows
  1111 | D:2      | Reached skill level 1 in Throwing
  1111 | D:2      | Reached skill level 1 in Armour
  1111 | D:2      | Reached skill level 1 in Dodging
  1111 | D:2      | Reached skill level 1 in Stealth
  1111 | D:2      | Reached skill level 1 in Shields
  1111 | D:2      | Reached skill level 1 in Unarmed Combat
  1111 | D:2      | Reached skill level 1 in Conjurations
  1111 | D:2      | Reached skill level 1 in Hexes
  1111 | D:2      | Reached skill level 1 in Summonings
  1111 | D:2      | Reached skill level 1 in Necromancy
  1111 | D:2      | Reached skill level 1 in Translocations
  1111 | D:2      | Reached skill level 1 in Transmutations
  1111 | D:2      | Reached skill level 1 in Ice Magic
  1111 | D:2      | Reached skill level 1 in Air Magic
  1111 | D:2      | Reached skill level 1 in Earth Magic
  1111 | D:2      | Reached skill level 1 in Poison Magic
  1111 | D:2      | Reached skill level 1 in Evocations
  1111 | D:2      | Reached XP level 4. HP: 27/41 MP: 8/8
  1321 | D:2      | Reached XP level 5. HP: 47/47 MP: 9/9
  1734 | D:3      | You fall into a shaft and drop 1 floor!
  1920 | D:3      | Found Icacruse's Antique Weapon Shoppe.
  1948 | D:3      | HP: 2/47 [gnoll/+2 halberd of venom (12)]
  1952 | D:3      | Killed themself with a badly aimed iceblast

Illustrated notes

Levels and vault maps discovered:
D:1:      dpeg_arrival_rooms_c, layout_basic, minmay_hexomino_f4
D:2:      layout_rooms, serial_forest, infiniplex_forest_end_3,
          infiniplex_forest_end_2, infiniplex_forest_fountain,
          infiniplex_forest_zigzag_1, infiniplex_forest_straight_4,
          infiniplex_forest_clump_tiny, infiniplex_forest_clump_small,
          infiniplex_forest_end_1
D:3:      layout_basic, serial_shops, nicolae_shop_window_shopping,
          glass_columns_b
D:4:      layout_loops_ring, serial_shops, shop

Skill      XL: |  1  2  3 |
---------------+----------+-----
Invocations    | 1 |  1.7
Short Blades   | 1 |  1.5
Long Blades    | 1 |  1.5
Axes           | 1 |  1.5
Maces & Flails | 1 |  1.5
Staves         | 1 |  1.5
Slings         | 1 |  1.5
Bows           | 1 |  1.5
Crossbows      | 1 |  1.5
Throwing       | 1 |  1.5
Armour         | 1 |  1.5
Dodging        | 1 |  1.5
Stealth        | 1 |  1.5
Shields        | 1 |  1.5
Unarmed Combat | 1 |  1.5
Spellcasting   | 3 |  3.2
Conjurations   | 1 |  1.2
Hexes          | 1 |  1.2
Summonings     | 1 |  1.2
Necromancy     | 1 |  1.2
Translocations | 1 |  1.2
Transmutations | 1 |  1.2
Ice Magic      | 1 |  1.2
Air Magic      | 1 |  1.2
Earth Magic    | 1 |  1.2
Poison Magic   | 1 |  1.2
Evocations     | 1 |  1.5
Fighting       | |  6.7
Polearms       | |  6.7
Fire Magic     | |  5.5

Action                   |  1- 3 |  4- 6 || total
-------------------------+-------+-------++-------
Melee: Spear             |    43 |       ||    43
       Bite              |     6 |     7 ||    13
       Trident           |    56 |    86 ||   142
  Use: Potion            |       |     3 ||     3
 Stab: Sleeping          |     1 |     1 ||     2
Armor: Robe              |    17 |    27 ||    44
Dodge: Dodged            |    34 |    53 ||    87

Table legend: (Time is in decaauts)
 A = Elapsed time spent in this place.
 B = Non-inter-level travel time spent in this place.
 C = Inter-level travel time spent in this place.
 D = Time resting spent in this place.
 E = Time spent auto-exploring this place.
 F = Levels seen in this place.
 G = Mean time per level.
                   A        B        C        D        E       F      G
               +--------+--------+--------+--------+--------+-----+--------+
         Total |   1938 |   1868 |     70 |      0 |   1436 |   4 |  484.5 |
       Dungeon |   1938 |   1868 |     70 |      0 |   1436 |   4 |  484.5 |
               +--------+--------+--------+--------+--------+-----+--------+

Top non-repeatable levels by time:
     D:1: 1029 daAuts
     D:2: 675 daAuts
     D:4: 167 daAuts
     D:3: 66 daAuts
